 Dungeon Crawl Stone Soup version 0.26-a0-812-g31a745ddcd (webtiles) character file.

Game seed: 10801565854535627544

115629 raph the Bludgeoner (level 16, -7/103 HPs)
             Began as a Gargoyle Earth Elementalist on Dec 5, 2020.
             Was the Champion of Dithmenos.
             Splashed by a goliath frog's acid (8 damage)
             ... on level 4 of the Swamp.
             The game lasted 02:06:00 (39602 turns).

raph the Bludgeoner (Gargoyle Earth Elementalist)  Turns: 39602, Time: 02:06:00

Health: -7/103     AC: 15    Str: 13    XL:     16   Next: 69%
Magic:  15/38      EV: 19    Int: 21    God:    Dithmenos [******]
Gold:   787        SH:  7    Dex: 11    Spells: 2/33 levels left

rFire    . . .     SeeInvis .   a - +4 morningstar (freeze)
rCold    + . .     Faith    .   U - +3 buckler of Twilight {rC+ MP+9}
rNeg     + . .     Spirit   .   O - +2 robe {Archmagi}
rPois    ∞         Reflect  .   m - +2 helmet
rElec    +         Harm     .   E - +2 cloak
rCorr    .         Rampage  .   M - +2 pair of gloves
MR       ++...                  A - +1 pair of boots of Fortitude {MR+ Slay+4}
Stlth    ++++++....             V - amulet of the acrobat
HPRegen  0.27/turn              L - +4 ring of evasion
MPRegen  0.26/turn              R - ring of wizardry

@: corroded, flying, wreathed by umbra, studying 2 skills
A: big wings, negative energy resistance 1, electricity resistance, unbreathing,
petrification resistance, rot immunity, AC +12
a: Stop Flying, Shadow Step, Shadow Form, Renounce Religion


You were on level 4 of the Swamp.
You worshipped Dithmenos.
Dithmenos was exalted by your worship.
You visited 4 branches of the dungeon, and saw 27 of its levels.

You collected 3160 gold pieces.
You spent 2373 gold pieces at shops.

Inventory:

Hand Weapons
 a - a +4 morningstar of freezing (weapon)
 c - a +1 whip of holy wrath
Missiles
 l - 452 stones (quivered)
Armour
 j - a +2 pair of boots
 m - a +2 helmet (worn)
 A - the +1 pair of boots of Fortitude (worn) {MR+ Slay+4}
   (You bought it in a shop on level 2 of the Orcish Mines)

   It affects your accuracy and damage with ranged weapons and melee attacks
   (+4).
   It affects your resistance to hostile enchantments.
 E - a +2 cloak (worn)
 M - a +2 pair of gloves (worn)
 O - a +2 robe of the Archmagi (worn)
 U - the +3 buckler of Twilight (worn) {rC+ MP+9}
   (You acquired it on level 2 of the Lair of Beasts)

   It protects you from cold.
   It affects your magic capacity (+9).
Magical Staves
 b - an uncursed staff of earth
Jewellery
 y - an uncursed ring of see invisible
 C - a +6 ring of dexterity
 L - a +4 ring of evasion (left hand)
 P - an uncursed ring of stealth
 R - a ring of wizardry (right hand)
 V - an amulet of the acrobat (around neck)
Wands
 k - a wand of acid (29)
 o - a wand of paralysis (16)
 B - a wand of iceblast (19)
 J - a wand of digging (7)
Scrolls
 e - 4 scrolls of fear
 f - 10 scrolls of remove curse
 w - a scroll of amnesia
 z - 10 scrolls of teleportation
 H - 4 scrolls of magic mapping
 K - 4 scrolls of blinking
 N - a scroll of summoning
 T - a scroll of fog
 X - 7 scrolls of identify
 Z - 2 scrolls of enchant armour
Potions
 d - 3 potions of berserk rage
 g - 6 potions of mutation
 h - a potion of lignification
 n - a potion of invisibility
 p - 7 potions of heal wounds
 q - 9 potions of haste
 r - a potion of cancellation
 t - 14 potions of curing
 u - 2 potions of brilliance
 v - 4 potions of attraction
 x - 3 potions of might
 I - 3 potions of resistance
 W - 2 potions of ambrosia
Books
 i - a manual of Fighting
 Y - a manual of Armour
Miscellaneous
 s - a tin of tremorstones (2/2)
 D - a lightning rod (4/4)
 S - a tin of tremorstones (2/2)


   Skills:
 + Level 12.5 Fighting
 - Level 16.0 Maces & Flails
 - Level 3.7 Armour
 + Level 7.6 Dodging
 - Level 6.6 Stealth
 - Level 4.0 Shields
 - Level 9.2 Spellcasting
 + Level 7.0 Conjurations
 - Level 0.7 Transmutations
 + Level 7.4 Fire Magic
 + Level 15.2 Earth Magic
 - Level 7.5 Invocations


You had 2 spell levels left.
You knew the following spells:

 Your Spells              Type           Power        Failure   Level
a - Sandblast             Erth           ######       0%          1
b - Stone Arrow           Conj/Erth      ######       1%          3
c - Passwall              Tmut/Erth      ######..     1%          2
d - Lee's Rapid Deconstr  Erth           #######...   1%          5
e - Summon Small Mammal   Summ           ##..         2%          1
f - Animate Skeleton      Necr           ##....       2%          1
g - Blink                 Tloc           N/A          4%          2
h - Magic Dart            Conj           ####         1%          1
i - Call Imp              Summ           ##......     4%          2
j - Petrify               Tmut/Erth      ######..     1%          4
k - Sticky Flame          Conj/Fire      ######..     1%          4
l - Fireball              Conj/Fire      ######....   4%          5

Your spell library contained the following spells:

 Spells                   Type           Power        Failure   Level
 Foxfire                  Conj/Fire      ####         1%          1
 Apportation              Tloc           ##....       2%          1
 Beastly Appendage        Tmut           ###...       2%          1
 Corona                   Hex            ##.....      2%          1
 Pain                     Necr           ##..         2%          1
 Wereblood                Tmut           ###.....     3%          2
 Poisonous Vapours        Pois/Air       ##....       4%          2
 Slow                     Hex            ##......     4%          2
 Conjure Flame            Conj/Fire      ######..     1%          3
 Inner Flame              Hex/Fire       #####...     1%          3
 Static Discharge         Conj/Air       #####...     1%          3
 Leda's Liquefaction      Hex/Erth       ######....   1%          4
 Ignite Poison            Fire/Tmut/Pois ####....     2%          3
 Mephitic Cloud           Conj/Pois/Air  ####....     3%          3
 Spider Form              Tmut/Pois      ###.......   8%          3
 Portal Projectile        Hex/Tloc       ##....       9%          3
 Vampiric Draining        Necr           ##........   9%          3
 Lightning Bolt           Conj/Air       #####.....   19%         5
 Ice Form                 Ice/Tmut       ###.....     24%         4
 Animate Dead             Necr           ##........   26%         4
 Cause Fear               Hex            ##........   26%         4
 Blade Hands              Tmut           ###.......   47%         5
 Yara's Violent Unravell  Hex/Tmut       ###.......   52%         5
 Agony                    Necr           ##......     58%         5
 Silence                  Hex/Air        ##........   58%         5
 Freezing Cloud           Conj/Ice/Air   ####......   82%         6
 Shatter                  Erth           #######...   99%         9
 Discord                  Hex            ##........   100%        8
 Ignition                 Fire           ######....   100%        8
 Tornado                  Air            ##........   100%        9
 Statue Form              Tmut/Erth      Unusable     N/A         6

Dungeon Overview and Level Annotations

Branches:
Dungeon (15/15)            Temple (0/1) D:7            Lair (6/6) D:11
  Swamp (4/4) Lair:4       Shoals (0/4) Lair:2        Slime (0/5) Lair:5
    Orc (2/2) D:12            Elf (0/3) Orc:2        Vaults (0/5) D:14
 Depths (0/5) D:15

Altars:
Cheibriados
Dithmenos
Gozag
Ru
Trog
Uskayaw

Shops:
D:8 }   D:10 :   D:15 *   Orc:1 ((::=   Orc:2 *(=[?

Portals:
Abyss: D:10

Annotations:
D:10 2 transporters, Blackmass's ghost, journeyman OpAE
Lair:1 3 runed translucent doors, Cias's ghost, journeyman GnFi
Lair:5 exclusion: oklob plant
Swamp:2 Xufiri's ghost, adept FoFi
Orc:2 2 transporters, End1zNear's ghost, journeyman DDFi


Innate Abilities, Weirdness & Mutations

You are resistant to torment.
Your stone body is resilient. (AC +12)
You are immune to poison.
Your large and strong wings let you fly indefinitely.
You resist negative energy. (rN+)
You are resistant to electric shocks. (rElec)
You can survive without breathing.
You are immune to petrification.
You are immune to rotting.


Message History

Confirm with . or Enter, or press ? or * to list all spells.
Aiming: Stone Arrow (safe; 1% risk of failure)
Press: ? - help, Shift-Dir - straight line, f/p - goliath frog
Aim: a goliath frog (black smoke, lightly wounded, umbra)
You feel a surge of power!
The stone arrow hits the goliath frog!!
The goliath frog is heavily wounded.
You block the goliath frog's attack. The goliath frog closely misses you.
Unknown command.
Casting: Stone Arrow (safe; 1% risk of failure)
Confirm with . or Enter, or press ? or * to list all spells.
Aiming: Stone Arrow (safe; 1% risk of failure)
Press: ? - help, Shift-Dir - straight line, f/p - goliath frog
Aim: a goliath frog (black smoke, heavily wounded, umbra)
You feel a surge of power!
The stone arrow misses the goliath frog.
The goliath frog hits you from afar!!
* * * LOW HITPOINT WARNING * * *
You emit a cloud of dark smoke.
The acid corrodes you!
You are splashed with acid!
You die...

♣♣♣♣♣ ♣♣♣ ♣♣♣♣♣♣♣ ♣...♣ .≈≈
♣♣.♣♣.≈♣♣♣≈≈≈♣ ≈. ≈.♣
♣.§§§.≈.♣♣≈≈≈♣♣ ≈≈
♣≈♣♣♣♣§§§F..♣♣♣...≈♣♣(≈ ≈≈♣
♣♣...§§@§♣...≈...≈§..♣.
≈≈♣♣♣♣♣♣♣♣≈.≈.§§§♣♣.≈...≈≈≈≈≈≈$.
≈≈...≈..≈♣≈≈≈.§§♣♣♣.≈≈..≈.≈≈≈≈≈.
}§≈≈≈.≈≈.♣<≈≈≈§§♣ ♣♣♣≈♣♣....≈...
≈≈≈≈≈≈≈.≈♣..≈≈≈.♣ ♣♣♣♣..≈≈≈≈≈≈
≈≈≈§≈.§....≈≈≈≈♣♣ .≈≈≈≈≈≈≈≈
≈≈.≈♣♣:...≈≈≈≈≈♣ .≈≈≈≈≈≈≈≈
≈≈.♣....≈♣.≈≈≈≈.≈♣ ≈≈≈≈≈≈§≈≈
)....≈≈≈♣♣.§≈≈≈≈..≈ <§w≈≈§≈≈≈≈


You could see a goliath frog.

Vanquished Creatures
  Rupert (D:14)
  Jorgrun (Swamp:1)
  A thorn hunter (Swamp:1)
  Donald (Swamp:1)
  Roxanne (D:15)
  A fenstrider witch (Swamp:2)
  An orc warlord (Orc:1)
  The ghost of Orgheunu the Protected, a journeyman DDFi of Makhleb (Lair:4)
  4 bunyips
  3 eleionomae
  12 hydras
  Harold (D:7)
  4 boulder beetles
  4 centaur warriors
  2 dancing weapons (D:14)
  Erica (Lair:1)
  6 two-headed ogres
  7 death yaks
  3 alligators
  5 orc high priests
  A tengu warrior (D:15)
  An ogre mage (D:15)
  A vampire mage (D:15)
  6 goliath frogs
  4 spriggan druids
  An unseen horror (D:12)
  2 skeletal warriors (D:15)
  2 bog bodies
  A swamp dragon (Swamp:2)
  3 lindwurms
  A wizard (D:15)
  4 orc sorcerers
  2 necromancers
  A deep elf mage (D:15)
  3 orc knights
  A cyclops (D:11)
  11 ugly things
  2 manticores
  A frost giant skeleton (D:15)
  3 centaur zombies
  12 elephants
  5 black mambas
  Joseph (D:7)
  3 cane toads
  A torpor snail (Lair:6)
  Psyche (D:8)
  4 gargoyles
  A rime drake (Lair:6)
  Maggie (D:8)
  7 komodo dragons
  7 tyrant leeches
  A bloated husk (Swamp:2)
  A tengu conjurer (D:15)
  6 trolls
  Grinder (D:3)
  5 blink frogs
  4 polar bears
  A wind drake (shapeshifter) (D:15)
  7 hornets
  10 slime creatures (D:13)
  3 dream sheep (Lair:6)
  An ice dragon skeleton (D:15)
  A deep troll zombie (D:15)
  A fire dragon zombie (D:15)
  3 wraiths
  2 shadows (D:15)
  20 spriggans
  3 wyverns
  44 yaks
  3 basilisks
  10 vampire mosquitoes
  11 swamp worms
  4 acid dragons
  16 water moccasins
  Menkaure (D:4)
  2 wargs
  2 soldier ants (D:13)
  Duvessa (D:7)
  29 orc warriors
  A swamp drake (Swamp:1)
  2 ice beasts
  3 sky beasts
  2 eyes of draining
  8 black bears
  15 centaurs
  15 ogres
  5 boggarts (Lair:6)
  16 wolves (Lair:6)
  6 phantoms
  7 bullfrogs
  Blork the orc (D:5)
  6 big kobolds
  A gnoll sergeant (Orc:1)
  A wyvern skeleton (D:8)
  Dowan (D:7)
  10 scorpions
  A water moccasin skeleton (D:8)
  2 troll zombies (D:12)
  8 killer bees
  13 wights
  4 howler monkeys
  An electric eel (D:10)
  2 bullfrog skeletons
  A bullfrog zombie (D:6)
  2 quasits
  14 orc priests
  3 jellies
  3 hounds
  Crazy Yiuf (D:3)
  3 centaur skeletons
  Jessica (D:3)
  4 iguanas
  Ijyb (D:3)
  6 worker ants
  Natasha (twice) (D:3)
  15 orc wizards
  6 hell rats (Lair:4)
  2 polar bear simulacra (Lair:5)
  4 yak simulacra (Lair:5)
  3 wolf simulacra (Lair:5)
  4 ogre zombies (D:12)
  2 hound skeletons
  A worker ant zombie (D:10)
  2 howler monkey skeletons
  3 gnolls (Orc:1)
  18 adders
  4 white imps
  A worker ant simulacrum (D:10)
  3 ufetubi
  2 oozes
  A worm (D:2)
  An adder skeleton (D:5)
  5 adder zombies
  3 dart slugs
  6 leopard geckos
  69 orcs
  8 bats
  5 giant cockroaches
  4 hobgoblins
  11 jackals
  3 quokkas
  A ball python (D:1)
  5 frilled lizards
  3 goblins
  2 goblin skeletons (D:12)
  4 goblin zombies (D:12)
  A hobgoblin zombie (D:12)
  34 kobolds
  2 leopard gecko skeletons
  4 orc skeletons (D:12)
  8 orc zombies (D:12)
  2 quokka skeletons
  8 rats
  2 river rat simulacra (Lair:5)
781 creatures vanquished.

Vanquished Creatures (collateral kills)
  3 blink frogs (Lair:5)
  A wyvern (D:12)
  5 yaks
  A wolf (Lair:6)
  A kobold (D:9)
11 creatures vanquished.

Vanquished Creatures (others)
  A spriggan (Swamp:2)
  2 hornets (Swamp:2)
  57 fungi
  52 plants
  9 withered plants (D:15)
121 creatures vanquished.

Grand Total: 913 creatures vanquished

Notes
Turn   | Place    | Note
-------+----------+-------------------------------------------
     0 | D:1      | raph the Gargoyle Earth Elementalist began the quest for
                  | the Orb.
     0 | D:1      | Reached XP level 1. HP: 10/10 MP: 3/3
   303 | D:1      | Reached XP level 2. HP: 7/15 MP: 1/5
  1314 | D:1      | Reached skill level 5 in Earth Magic
  1314 | D:1      | Reached XP level 3. HP: 11/19 MP: 6/6
  1957 | D:2      | Learned a level 3 spell: Stone Arrow
  1960 | D:2      | Learned a level 2 spell: Passwall
  2084 | D:2      | Found a shadowy altar of Dithmenos.
  2096 | D:2      | Reached skill level 1 in Conjurations
  2096 | D:2      | Reached XP level 4. HP: 22/24 MP: 7/7
  2119 | D:2      | Became a worshipper of Dithmenos the Shadowed
  3099 | D:3      | Noticed Natasha
  3104 | D:3      | Killed Natasha
  3104 | D:3      | Reached XP level 5. HP: 28/28 MP: 5/8
  3207 | D:3      | Noticed Jessica
  3208 | D:3      | Killed Jessica
  3419 | D:3      | Noticed Ijyb
  3425 | D:3      | Paralysed by Ijyb for 7 turns
  3443 | D:3      | Killed Ijyb
  3521 | D:3      | Found a hide-covered altar of Uskayaw.
  3668 | D:3      | Noticed Grinder
  3681 | D:3      | Killed Grinder
  3681 | D:3      | Reached XP level 6. HP: 26/32 MP: 4/9
  4053 | D:3      | Noticed Natasha
  4057 | D:3      | Killed Natasha
  4057 | D:3      | Reached XP level 7. HP: 34/36 MP: 6/10
  4386 | D:3      | Found a runed translucent door.
  4387 | D:3      | Noticed Crazy Yiuf
  4398 | D:3      | Killed Crazy Yiuf
  5228 | D:4      | Reached skill level 1 in Fighting
  5228 | D:4      | Reached skill level 1 in Armour
  5337 | D:4      | Reached * piety under Dithmenos
  5757 | D:4      | Reached skill level 5 in Conjurations
  5767 | D:4      | Reached XP level 8. HP: 33/43 MP: 3/12
  5844 | D:4      | Learned a level 5 spell: Lee's Rapid Deconstruction
  5846 | D:4      | Learned a level 1 spell: Summon Small Mammal
  5849 | D:4      | Noticed Menkaure
  5871 | D:4      | Killed Menkaure
  5871 | D:4      | Reached skill level 1 in Maces & Flails
  6451 | D:4      | Reached skill level 2 in Maces & Flails
  6460 | D:4      | Reached ** piety under Dithmenos
  6856 | D:5      | Entered Level 5 of the Dungeon
  7581 | D:5      | Noticed Blork the orc
  7588 | D:5      | Killed Blork the orc
  7974 | D:6      | Reached skill level 3 in Maces & Flails
  7974 | D:6      | Reached XP level 9. HP: 41/48 MP: 7/14
  8220 | D:6      | Reached skill level 1 in Invocations
  9100 | D:7      | Noticed Harold
  9560 | D:6      | Reached *** piety under Dithmenos
  9667 | D:6      | Reached skill level 4 in Maces & Flails
  9818 | D:7      | Found a snail-covered altar of Cheibriados.
 10198 | D:7      | Noticed Dowan
 10203 | D:6      | Reached skill level 5 in Maces & Flails
 10719 | D:7      | Killed Harold
 10719 | D:7      | Reached skill level 6 in Maces & Flails
 10719 | D:7      | Reached skill level 10 in Earth Magic
 10719 | D:7      | Reached XP level 10. HP: 17/52 MP: 0/15
 11070 | D:7      | Killed Dowan
 11432 | D:7      | Noticed Duvessa
 11436 | D:7      | Killed Duvessa
 11489 | D:7      | Learned a level 1 spell: Animate Skeleton
 11583 | D:7      | Found a staircase to the Ecumenical Temple.
 11605 | D:7      | Noticed Joseph
 11610 | D:7      | Killed Joseph
 11837 | D:8      | Reached skill level 7 in Maces & Flails
 11837 | D:8      | Reached skill level 5 in Invocations
 11911 | D:8      | Found a hide-covered altar of Uskayaw.
 11926 | D:8      | Noticed Maggie
 11931 | D:8      | Killed Maggie
 12089 | D:8      | Found a sacrificial altar of Ru.
 12091 | D:8      | Found Ral Jam's Gadget Emporium.
 12095 | D:8      | Bought a lightning rod (4/4) for 360 gold pieces
 12306 | D:8      | Noticed Psyche
 12318 | D:8      | Killed Psyche
 12461 | D:8      | Reached **** piety under Dithmenos
 13201 | D:9      | Learned a level 2 spell: Blink
 13203 | D:9      | Learned a level 1 spell: Magic Dart
 13206 | D:9      | Learned a level 2 spell: Call Imp
 13686 | D:9      | Reached skill level 8 in Maces & Flails
 14159 | D:10     | Entered Level 10 of the Dungeon
 14611 | D:10     | Found a one-way gate to the infinite horrors of the Abyss.
 14691 | D:9      | Reached XP level 11. HP: 38/56 MP: 5/18
 14845 | D:10     | Noticed Blackmass's ghost (journeyman OpAE)
 14857 | D:10     | Found Ugroule's Book Shop.
 14912 | D:10     | Reached skill level 5 in Spellcasting
 15372 | D:10     | Reached ***** piety under Dithmenos
 15374 | D:10     | Identified the +5 war axe of the Ageing Viper {distort,
                  | MP+9 Int+6}
 15374 | D:10     | Noticed a skeletal warrior
 15514 | D:10     | Found a transporter.
 15515 | D:10     | Noticed a hell hog
 15534 | D:10     | Found a transporter.
 15629 | D:10     | Reached skill level 9 in Maces & Flails
 15943 | D:11     | Found an opulent altar of Gozag.
 16397 | D:11     | Found a staircase to the Lair.
 16758 | D:11     | Noticed a manticore
 16775 | D:11     | Killed a manticore
 17278 | D:11     | Noticed a cyclops
 17282 | D:11     | Killed a cyclops
 17583 | Lair:1   | Entered Level 1 of the Lair of Beasts
 17655 | Lair:1   | Noticed Erica
 17667 | Lair:1   | Killed Erica
 17667 | Lair:1   | Reached skill level 10 in Maces & Flails
 17942 | Lair:1   | Found a runed translucent gate.
 17943 | Lair:1   | Found a runed translucent gate.
 17944 | Lair:1   | Found a runed translucent gate.
 17946 | Lair:1   | Noticed Cias's ghost (journeyman GnFi)
 18032 | Lair:1   | Reached XP level 12. HP: 57/62 MP: 1/21
 18677 | Lair:2   | Noticed a six-headed hydra
 18684 | Lair:2   | Killed a six-headed hydra
 18775 | Lair:2   | Found a staircase to the Shoals.
 19851 | Lair:2   | Identified a scroll of acquirement
 19851 | Lair:2   | Acquired the +3 buckler of Twilight {rC+ MP+9}
 20045 | Lair:3   | Noticed an eight-headed hydra
 20052 | Lair:3   | Killed an eight-headed hydra
 20052 | Lair:3   | Reached skill level 1 in Shields
 20450 | Lair:3   | Noticed an eight-headed hydra
 20459 | Lair:3   | Killed an eight-headed hydra
 20868 | Lair:4   | Noticed a death yak
 20871 | Lair:4   | Noticed a six-headed hydra
 20897 | Lair:3   | Reached skill level 5 in Stealth
 21028 | Lair:4   | Noticed an eight-headed hydra
 21036 | Lair:4   | Reached skill level 11 in Maces & Flails
 21048 | Lair:3   | Killed an eight-headed hydra
 21298 | Lair:4   | Found a staircase to the Swamp.
 21348 | Lair:4   | Found a transporter.
 21432 | Lair:4   | Killed a death yak
 21432 | Lair:4   | Reached skill level 5 in Dodging
 21789 | Lair:4   | Reached XP level 13. HP: 62/70 MP: 23/23
 21894 | Lair:4   | Found a transporter.
 21932 | Lair:4   | Noticed Orgheunu's ghost (journeyman DDFi)
 22875 | Lair:5   | Reached skill level 5 in Fighting
 23596 | Lair:5   | Found a staircase to the Slime Pits.
 23837 | D:11     | Learned a level 4 spell: Petrify
 23841 | D:11     | Learned a level 3 spell: Conjure Flame
 23911 | D:12     | Reached skill level 12 in Maces & Flails
 23955 | D:12     | Reached skill level 1 in Fire Magic
 24269 | D:12     | Found a staircase to the Orcish Mines.
 24548 | D:12     | Learned a level 4 spell: Sticky Flame
 26132 | Orc:1    | Entered Level 1 of the Orcish Mines
 26184 | D:12     | Reached ****** piety under Dithmenos
 26383 | Orc:1    | Found Xeruury's Book Boutique.
 26384 | Orc:1    | Found a bloodstained altar of Trog.
 26446 | Orc:1    | Found Paunack's Weapon Emporium.
 26648 | Orc:1    | Found Vofeoxt's Antique Weapon Boutique.
 26816 | Orc:2    | Entered Level 2 of the Orcish Mines
 27067 | Orc:2    | Noticed an orc warlord
 27251 | Orc:1    | Killed an orc warlord
 27251 | Orc:1    | Reached skill level 5 in Fire Magic
 27251 | Orc:1    | Gained mutation: Your large and strong wings let you fly
                  | indefinitely. [Gargoyle growth]
 27251 | Orc:1    | Reached XP level 14. HP: 78/78 MP: 13/25
 27391 | Orc:2    | Found Kor Xeut's Magic Scroll Shop.
 27394 | Orc:2    | Found Lyurghae's Antique Armour Shop.
 27410 | Orc:2    | Bought a pair of smoking boots for 323 gold pieces
 27420 | Orc:2    | Identified the +1 pair of boots of Fortitude {MR+ Slay+4}
                  | (You bought it in a shop on level 2 of the Orcish Mines)
 27491 | Orc:2    | Found Tuluiste's Antique Weapon Shop.
 27501 | Orc:2    | Found a staircase to the Elven Halls.
 27622 | Orc:2    | Found a transporter.
 27622 | Orc:2    | Noticed End1zNear's ghost (journeyman DDFi)
 27625 | Orc:2    | Found a transporter.
 27967 | Orc:2    | Found Guzotet's General Store.
 27978 | Orc:2    | Reached skill level 13 in Maces & Flails
 28227 | Orc:2    | Found Robapnenn's Jewellery Boutique.
 28846 | Orc:1    | Found Yzoarcho's Jewellery Shop.
 28846 | Orc:1    | Found Nomayf's Book Boutique.
 28921 | Orc:2    | Bought a runed cloak for 255 gold pieces
 28986 | Orc:1    | Bought a manual of Fighting for 1435 gold pieces
 30581 | D:14     | Noticed Rupert
 30617 | D:14     | Killed Rupert
 31143 | Lair:4   | Killed Orgheunu's ghost
 31673 | D:14     | Reached skill level 14 in Maces & Flails
 32245 | D:14     | Found a gate to the Vaults.
 32509 | D:15     | Entered Level 15 of the Dungeon
 32794 | D:15     | Reached XP level 15. HP: 89/89 MP: 24/28
 32923 | D:15     | Identified Roxanne's Reference Book on Transmigration
 32923 | D:15     | Noticed Roxanne
 33139 | D:15     | Found a staircase to the Depths.
 33973 | D:15     | Found Zoqitege's Serpentskin Sales.
 34153 | D:15     | Reached skill level 10 in Fighting
 34286 | D:15     | Killed Roxanne
 34538 | Swamp:1  | Entered Level 1 of the Swamp
 34693 | Swamp:1  | Reached skill level 15 in Maces & Flails
 34756 | Swamp:1  | Noticed a thorn hunter
 34762 | Swamp:1  | Killed a thorn hunter
 34933 | Swamp:1  | Noticed Donald
 34959 | Swamp:1  | Killed Donald
 35189 | Swamp:1  | Noticed Jorgrun
 35198 | Swamp:1  | Killed Jorgrun
 35594 | Swamp:1  | Learned a level 5 spell: Fireball
 35632 | Swamp:2  | Noticed a fenstrider witch
 35639 | Swamp:2  | Killed a fenstrider witch
 36343 | Swamp:2  | Reached XP level 16. HP: 100/100 MP: 29/29
 36558 | Swamp:2  | Found a runed translucent gate.
 36559 | Swamp:2  | Found a runed translucent gate.
 36561 | Swamp:2  | Found a runed translucent gate.
 36561 | Swamp:2  | Noticed Xufiri's ghost (adept FoFi)
 36798 | Lair:6   | Entered Level 6 of the Lair of Beasts
 37666 | Lair:6   | Reached skill level 15 in Earth Magic
 38801 | Swamp:3  | Reached skill level 16 in Maces & Flails
 39489 | Swamp:4  | Entered Level 4 of the Swamp
 39602 | Swamp:4  | HP: 1/103 [goliath frog (19)]
 39602 | Swamp:4  | Splashed by a goliath frog's acid

Illustrated notes

Levels and vault maps discovered:
D:1:      grunt_arrival_crossed_arrows, layout_basic
D:2:      layout_basic, nicolae_dithmenos_shadow_blocks, serial_undead,
          serial_undead_d, serial_undead_f, serial_undead_c, serial_undead_b
D:3:      layout_basic, eat_drink_and_be_merry_uskayaw, uniq_grinder,
          uniq_jessica, uniq_crazy_yiuf_cottage, uniq_ijyb, uniq_natasha
D:4:      old_forge, layout_loops_cross, chequers_mini_garden, hex_tiny,
          uniq_menkaure
D:5:      layout_gridville, uniq_blork_the_orc
D:6:      layout_basic, hangedman_decor_push
D:7:      layout_rooms, lemuel_crystal_altar,
          minmay_temple_entry_gardened_gates, chequers_avenue, uniq_harold,
          uniq_duvessa, uniq_joseph
D:8:      layout_basic, nicolae_overflow_crystal_walls, serial_shops, shop,
          basic_altar, uniq_psyche, uniq_maggie
D:9:      layout_basic
D:10:     layout_cave_pools, special_room [special_room_orc], serial_ice,
          serial_ice_n, serial_ice_c, serial_ice_l, serial_ice_b, serial_shops,
          kennysheep_little_box, gammafunk_ghost_abyssal_escape, minivault_10,
          chequers_hall_statues_wall_a
D:11:     layout_irregular_city, lair_entry_dummy, serial_bayou_pond_e,
          minmay_misc_feat_chi, grunt_gozag_breadcrumbs
D:12:     layout_layer_cave, zombieorc1_lemuel
D:13:     layout_irregular_city
D:14:     layout_basic, erik_vaults_1, hangedman_decor_points, uniq_rupert
D:15:     gammafunk_depths_entry_grave, layout_basic, minivault_23,
          corexii_corridor_pit, guppyfry_shop_venom, uniq_roxanne
Lair:1:   statuecave_lemuel, layout_regular_city, ebering_ghost_rock_garden,
          infiniplex_staircase_pool, serial_bayou_shore_b, uniq_erica
Lair:2:   layout_chaotic_city, shoals_dummy_entry, wad_woods_03,
          infiniplex_staircase_pool_2
Lair:3:   layout_misc_corridors
Lair:4:   layout_roguey, skrybe_swamp_entry_bodies, gammafunk_ghost_arena,
          beast_lair_carwin_6
Lair:5:   layout_gridlike, minmay_slime_entry_oklob_enclosed,
          eino_house_with_fridge
Lair:6:   minmay_lair_end_enchanted_forest, layout_cave_pods
Swamp:1:  layout_basic_swamp, hangedman_swamp_lotus, uniq_jorgrun, uniq_donald
Swamp:2:  layout_basic_swamp, ebering_ghost_rock_garden,
          evilmike_swamp_ruin_house_6
Swamp:3:  layout_basic_swamp, nicolae_swamp_round_clearing, swamp_pool2
Swamp:4:  swamp_basic_johnstein, layout_basic_swamp
Orc:1:    layout_caves, serial_shops, nicolae_shop_competitors_out_of_business,
          shop, shop, shop, shop, bloody_trog
Orc:2:    grunt_orc_gardens, layout_diamond_mine, grunt_orc_garden,
          grunt_orc_garden, grunt_orc_garden, grunt_orc_garden, serial_shops,
          nicolae_shop_waterfront, gammafunk_ghost_arena

Skill      XL: |  1  2  3  4  5  6  7  8  9 10 11 12 13 14 15 16 |
---------------+-------------------------------------------------+-----
Earth Magic    | 4 5 6 7 8 10 11 12 13 14 15 | 15.2
Conjurations   | 1 2 4 5 7 |  7.0
Fighting       | 1 2 4 5 8 11 12 | 12.5
Armour         | 2 3 |  3.7
Dodging        | 2 3 4 5 6 7 |  7.6
Maces & Flails | 3 6 8 10 11 12 14 15 16 | 16.0
Spellcasting   | 3 4 6 7 9 |  9.2
Invocations    | 4 6 7 |  7.5
Stealth        | 3 5 6 |  6.6
Shields        | 4 |  4.0
Fire Magic     | 5 6 7 |  7.4
Transmutations | |  0.7

Action                   |  1- 3 |  4- 6 |  7- 9 | 10-12 | 13-15 | 16-18 || total
-------------------------+-------+-------+-------+-------+-------+-------++-------
Melee: Hand axe          |    91 |    25 |       |       |       |       ||   116
       Whip              |       |    78 |   130 |   103 |   165 |       ||   476
       Morningstar       |       |       |   305 |   547 |   722 |   276 ||  1850
       Staff             |       |       |       |     3 |    20 |       ||    23
 Cast: Sandblast         |    17 |    30 |    50 |    38 |    30 |     3 ||   168
       Stone Arrow       |       |     3 |    34 |    96 |   201 |    70 ||   404
       Summon Small Mamm |       |       |     6 |       |     1 |     1 ||     8
       Lee's Rapid Decon |       |       |    11 |    36 |    79 |    10 ||   136
       Passwall          |       |       |     1 |     2 |     1 |       ||     4
       Animate Skeleton  |       |       |       |    26 |    36 |    15 ||    77
       Call Imp          |       |       |       |     1 |       |       ||     1
       Petrify           |       |       |       |       |    14 |       ||    14
       Sticky Flame      |       |       |       |       |    13 |     7 ||    20
       Magic Dart        |       |       |       |       |     2 |       ||     2
       Blink             |       |       |       |       |     7 |     3 ||    10
       Fireball          |       |       |       |       |     4 |    18 ||    22
Invok: Shadow Form       |       |       |       |     1 |       |       ||     1
 Abil: Fly               |       |       |       |       |     1 |       ||     1
Evoke: Wand              |       |       |       |       |     6 |       ||     6
       Lightning rod     |       |       |       |       |     5 |       ||     5
  Use: Scroll            |       |       |    22 |    15 |     6 |     2 ||    45
       Potion            |       |       |     2 |     1 |     4 |     1 ||     8
 Stab: Sleeping          |     7 |     3 |     7 |    14 |    13 |     2 ||    46
       Distracted        |       |       |       |     1 |     7 |     1 ||     9
       Petrified         |       |       |       |       |    10 |       ||    10
       Petrifying        |       |       |       |       |     1 |       ||     1
Armor: Robe              |    43 |    48 |       |   294 |   341 |    89 ||   815
       Leather armour    |       |       |   335 |    25 |       |       ||   360
       Skin              |       |       |       |     3 |       |       ||     3
Dodge: Dodged            |    76 |    72 |   544 |   551 |   638 |   263 ||  2144
Block: Buckler           |       |       |       |    56 |   329 |   123 ||   508

Table legend: (Time is in decaauts)
 A = Elapsed time spent in this place.
 B = Non-inter-level travel time spent in this place.
 C = Inter-level travel time spent in this place.
 D = Time resting spent in this place.
 E = Time spent auto-exploring this place.
 F = Levels seen in this place.
 G = Mean time per level.
                   A        B        C        D        E       F      G
               +--------+--------+--------+--------+--------+-----+--------+
         Total |  39515 |  37527 |   1988 |  15691 |  13542 |  27 | 1463.5 |
       Dungeon |  25133 |  24000 |   1133 |  10148 |   8578 |  15 | 1675.5 |
          Lair |   8754 |   8144 |    610 |   3021 |   3344 |   6 | 1459.0 |
         Swamp |   2853 |   2776 |     77 |   1401 |    763 |   4 |  713.2 |
  Orcish Mines |   2774 |   2608 |    166 |   1120 |    856 |   2 | 1387.0 |
               +--------+--------+--------+--------+--------+-----+--------+

Top non-repeatable levels by time:
     D:6: 2833 daAuts
    D:12: 2342 daAuts
     D:4: 2135 daAuts
     D:3: 1892 daAuts
  Lair:6: 1870 daAuts
    D:15: 1854 daAuts
     D:1: 1828 daAuts
    D:11: 1800 daAuts
   Orc:2: 1673 daAuts
  Lair:4: 1654 daAuts
     D:9: 1538 daAuts
    D:14: 1531 daAuts
  Lair:2: 1484 daAuts
    D:13: 1432 daAuts
  Lair:3: 1426 daAuts
